 Dungeon Crawl Stone Soup version 0.32-a0-560-g4c7f4391e0 (webtiles) character file.

Game seed: 14697606645068982636

2126 lumxnescent the Fighter (level 9, -5/69 (82) HPs)
             Began as a Minotaur Gladiator on Feb 29, 2024.
             Was a Follower of Wu Jian.
             Slain by a wight
             ... wielding a +1 mace
              (9 damage)
             ... on level 6 of the Dungeon.
             The game lasted 00:07:31 (5642 turns).

lumxnescent the Fighter (Minotaur Gladiator)        Turns: 5642, Time: 00:07:32

HP:   -5/69 (82)    AC:  7    Str: 21    XL:     9   Next: 8%
MP:   8/8           EV:  2    Int:  5    God:    Wu Jian [*.....]
Gold: 291           SH:  0    Dex: 14    Spells: 8/8 levels left

rFire   . . .        v - +5 lajatang (vamp)
rCold   + . .        (shield currently unavailable)
rNeg    + . .        m - +3 leather armour {rPois}
rPois   +            c - +0 hat
rElec   .            (no cloak)
rCorr   .            b - +0 pair of gloves
SInv    .            (no boots)
Will    .....        l - amulet of magic regeneration
Stlth   +            C - ring of protection from cold
HPRegen 0.31/turn    N - ring of positive energy
MPRegen 0.51/turn

%: no passive effects
@: about to teleport, sleeping, heavily drained
A: horns 2, retaliatory headbutt
a: Renounce Religion


You were on level 6 of the Dungeon.
You worshipped Wu Jian.
Wu Jian was aware of your devotion.
You visited 2 branches of the dungeon, and saw 8 of its levels.

You collected 401 gold pieces.
You spent 110 gold pieces at shops.


Innate Abilities, Weirdness & Mutations

You have a pair of horns on your head.
You reflexively headbutt those who attack you in melee.


   Skills:
 * Level 8.7 Fighting
 + Level 6.7 Staves
 - Level 2.0 Throwing
 + Level 5.4 Armour
 * Level 8.4 Dodging


You had 8 spell levels left.
You didn't know any spells.
Your spell library contained the following spells:

 Spells                   Type           Power      Damage    Failure   Level
 Magic Dart               Conj           0%         1d3       52%         1
 Slow                     Hex            0%         N/A       52%         1
 Blink                    Tloc           0%         N/A       67%         2
 Call Imp                 Summ           0%         N/A       67%         2
 Cigotuvi's Dreadful Rot  Necr/Alch/Air  0%         N/A       67%         2
 Confusing Touch          Hex            0%         N/A       88%         3
 Sigil of Binding         Hex            0%         N/A       88%         3
 Vampiric Draining        Necr           0%         2d6       88%         3
 Dispel Undead            Necr           0%         3d6       99%         4
 Martyr's Knell           Necr/Summ      0%         N/A       99%         4
 Death Channel            Necr           0%         N/A       100%        6

Inventory:

Hand Weapons
 v - a +5 vampiric lajatang (weapon)
   (You acquired it on level 6 of the Dungeon)
Missiles
 d - a throwing net {=f!f}
 g - 4 boomerangs (quivered)
 j - 7 javelins
 r - 7 poisoned darts
Armour
 b - a +0 pair of gloves (worn)
   (You found it on level 3 of the Dungeon)
 c - a +0 hat (worn)
 m - a +3 leather armour of poison resistance (worn)
   (You bought it in a shop on level 2 of the Dungeon)
Jewellery
 l - an amulet of magic regeneration (around neck)
   (You found it on level 2 of the Dungeon)
 C - a ring of protection from cold (left hand)
   (You found it on level 1 of the Dungeon)
 N - a ring of positive energy (right hand)
   (You found it on level 1 of the Dungeon)
Wands
 o - a wand of polymorph (9)
   (You found it on level 4 of the Dungeon)
 s - a wand of charming (8)
   (You found it on level 4 of the Dungeon)
 x - a wand of digging (4)
   (You found it on level 5 of the Dungeon)
Scrolls
 a - a scroll of immolation
 h - 3 scrolls of amnesia
 i - 2 scrolls of torment
 w - a scroll of fog
 y - a scroll of revelation
Potions
 e - a potion of berserk rage
 f - a potion of attraction
 k - a potion of degeneration
 n - 4 potions of curing
 p - a potion of ambrosia
 q - a potion of enlightenment
 u - a potion of heal wounds {unknown}

Dungeon Overview and Level Annotations

Branches:
Dungeon (7/15) Zot: 26882  Temple (1/1) D:4 Zot: 5989

Altars:
Ashenzari
Cheibriados
Dithmenos
Elyvilon
Gozag
Hepliaklqana
Kikubaaqudgha
Nemelex Xobeh
Okawaru
Ru
Sif Muna
Trog
Uskayaw
Vehumet
Wu Jian
Xom
Zin
The Shining One

Shops:
D:2 [ D:4

* #(####+####.#
#... ##.# #^# #.#
#... #..## #.#
##.# ####
#..#.^#.#^.#.#
#..##§#.#^##.#
#..#.§#.#^.#.#
#..####'####.#
#z..)...|....#
#.@z......####
##zf.......#
#.........##
#..........####
#.............####
#########...#....#
##........
####.##.. #..##.


You could see a sleepcap and 3 wights.


Message History

The water moccasin looks frightened!
The sleepcap is unaffected.
The hornet looks frightened!
The scorpion looks frightened!
The wight is unaffected.
The wight is unaffected.
The wight is unaffected.
The wight is unaffected.
The howler monkey looks frightened!
The sleepcap closely misses you. The wight hits you with a +4 dagger.
* * * LOW HITPOINT WARNING * * *
The wight closely misses you.
The wight hits you from afar with a +0 trident.
* * * LOW HITPOINT WARNING * * *
You partially resist.
You feel drained.
Unknown command.
Unknown command.
Unknown command.
Unknown command. 😨 HP[-3]
You now have 74 max hp (-1).
You take 3 damage, and now have 20/74 hp.
Unknown command.
Unknown command.
Unknown command.
Unknown command.
Unknown command.
Unknown command.
Unknown command.
Unknown command.
Unknown command.
Unknown command.
Unknown command.
Unknown command.
Unknown command.
Unknown command.
Unknown command.
Unknown command.
Unknown command.
Unknown command.
Unknown command.
Unknown command.
Unknown command.
Unknown command.
Unknown command.
Unknown command.
Unknown command.
Unknown command.
Okay, then.
You feel better. The wight hits you but does no damage.
The sleepcap misses you. You furiously retaliate!
You headbutt the sleepcap! The wight barely misses you.
You furiously retaliate!
You headbutt the wight. The wight misses you. 😨 HP[+8]
You regained 8 hp, and now have 28/74 hp.
Unknown command.
Unknown command.
Unknown command.
Unknown command.
Unknown command.
Unknown command.
Unknown command.
Unknown command.
Unknown command.
The wight hits you with a +4 dagger.
* * * LOW HITPOINT WARNING * * *
You partially resist.
You feel drained. The wight completely misses you.
The wight closely misses you.
The sleepcap releases spores at you but does no damage.
The wight hits you from afar with a +0 trident.
* * * LOW HITPOINT WARNING * * *
You climb upwards.
There is a stone staircase leading down here. 😨 HP[-8]
You now have 73 max hp (-1).
You take 8 damage, and now have 20/73 hp.
Unknown command.
Unknown command.
Unknown command.
Unknown command.
Unknown command.
Unknown command.
Okay, then.
As you read the scroll of teleportation, it crumbles to dust.
You feel strangely unstable.
The wight hits you with a +2 morningstar of draining!
* * * LOW HITPOINT WARNING * * *
You partially resist.
You feel drained.
* * * LOW HITPOINT WARNING * * *
You partially resist.
You feel drained.
* * * LOW HITPOINT WARNING * * *
The sleepcap releases spores at you.
* * * LOW HITPOINT WARNING * * *
You are engulfed in a cloud of soporific spores!
You fall asleep.
The wight hits you with a +1 mace!
You die...

Skill      XL: |  1  2  3  4  5  6  7  8 |
---------------+-------------------------+-----
Fighting       | 3 4 5 6 8 |  8.7
Armour         | 1 2 3 4 5 |  5.4
Dodging        | 4 5 6 8 |  8.4
Staves         | 4 5 6 |  6.7
Throwing       | |  2.0

Action                     |  1- 3 |  4- 6 |  7- 9 || total
---------------------------+-------+-------+-------++-------
  Melee: Quarterstaff      |    58 |    90 |    80 ||   228
         Headbutt          |     7 |    17 |    17 ||    41
         Lajatang          |       |       |    21 ||    21
  Throw: Dart              |    11 |     2 |       ||    13
         Throwing net      |       |     3 |       ||     3
         Boomerang         |       |    10 |    19 ||    29
         Javelin           |       |     1 |       ||     1
Ability: Lunge             |       |       |     5 ||     5
    Use: Scroll            |     6 |     7 |     9 ||    22
         Potion            |       |       |     1 ||     1
   Stab: Held in net/web   |       |     1 |       ||     1
 Armour: Leather armour    |    34 |    55 |    38 ||   127
         Chain mail        |       |       |    90 ||    90
  Dodge: Dodged            |    42 |    86 |    95 ||   223

Levels and vault maps discovered:
D:1:      mrwooster_arrival_statue_2, layout_loops_cross,
          serial_co_window_serial, co_window_paths_a,
          co_window_of_opportunity_a, co_window_cross_1, co_window_corner_a,
          co_window_paths_a, co_window_of_opportunity_a, co_window_paths_a,
          co_window_paths_a, co_window_of_opportunity_a, co_window_cross_4,
          co_window_paths_c, co_window_corner_b, co_window_of_opportunity_b,
          co_window_cross_2, co_window_corner_ca, glass_columns_a,
          glass_columns_a
D:2:      layout_basic, serial_shops, shop, chequers_serial_rivers_small_3
D:3:      layout_basic, roderic_batcave
D:4:      layout_basic, mainiacjoe_overflow_alcove_2,
          nicolae_gozag_zags_fifth_avenue, minmay_temple_entry_junction,
          abandoned_shop
D:5:      layout_rooms, gammafunk_temple_overflow_forgotten
D:6:      layout_rooms, grunt_tough_drop
D:7:      layout_rooms, serial_demonic, serial_demonic_d, serial_demonic_g,
          serial_demonic_f, serial_demonic_c, uniq_duvessa
Temple:   nicolae_temple_bog_church

Notes
Turn   | Place    | Note
-------+----------+-------------------------------------------
     0 | D:1      | lumxnescent the Minotaur Gladiator began the quest for the
                  | Orb.
     0 | D:1      | Reached XP level 1. HP: 18/18 MP: 0/0
     0 | D:1      | magus.rc [v1.11.6]
    10 | D:1      | magus.rc [v1.11.6]
   124 | D:1      | Reached XP level 2. HP: 24/25 MP: 1/1
   572 | D:1      | Reached skill level 3 in Fighting
   572 | D:1      | Reached skill level 1 in Armour
   782 | D:1      | Reached XP level 3. HP: 29/31 MP: 2/2
  1429 | D:2      | You add the spells Magic Dart, Blink and Call Imp to your
                  | library.
  1530 | D:2      | Found Uriq's Antique Armour Shop.
  1535 | D:2      | Bought a runed leather armour for 110 gold pieces
  1934 | D:3      | Reached skill level 4 in Dodging
  2030 | D:3      | Reached skill level 4 in Staves
  2043 | D:3      | Reached XP level 4. HP: 32/40 MP: 3/3
  2530 | D:3      | Reached skill level 4 in Fighting
  2683 | D:4      | Noticed a centaur
  2693 | D:4      | Killed a centaur
  2694 | D:4      | Reached skill level 2 in Armour
  2694 | D:4      | Reached XP level 5. HP: 29/47 MP: 4/4
  2931 | D:4      | Reached skill level 5 in Dodging
  2966 | D:4      | Found an opulent altar of Gozag.
  2970 | D:4      | Found Gozag's Platinum Reserve.
  2987 | D:4      | Reached XP level 6. HP: 50/55 MP: 5/5
  3021 | D:4      | Reached skill level 5 in Fighting
  3180 | D:4      | Found a staircase to the Ecumenical Temple.
  3185 | D:4      | You add the spells Cigotuvi's Dreadful Rot, Dispel Undead,
                  | Martyr's Knell and Death Channel to your library.
  3192 | Temple   | Entered the Ecumenical Temple
  3439 | D:4      | Reached skill level 3 in Armour
  3495 | D:4      | Found an iron altar of Okawaru.
  3518 | D:4      | Reached skill level 5 in Staves
  3784 | D:4      | Reached XP level 7. HP: 62/62 MP: 6/6
  3831 | D:5      | Entered Level 5 of the Dungeon
  3884 | D:5      | Reached skill level 6 in Fighting
  3884 | D:5      | Reached skill level 6 in Dodging
  4129 | D:5      | Reached skill level 4 in Armour
  4253 | D:5      | Found an ornate altar of the Wu Jian Council.
  4253 | D:5      | Found a glowing golden altar of the Shining One.
  4255 | D:5      | Found a bloodstained altar of Trog.
  4259 | D:5      | Reached XP level 8. HP: 71/71 MP: 7/7
  4264 | D:5      | Became a worshipper of the Wu Jian Council
  4274 | D:5      | Reached skill level 7 in Fighting
  4304 | D:5      | You add the spells Slow, Sigil of Binding, Vampiric
                  | Draining and Confusing Touch to your library.
  4329 | D:5      | Reached skill level 7 in Dodging
  4647 | D:5      | Reached skill level 6 in Staves
  4871 | D:6      | Reached skill level 8 in Fighting
  4875 | D:6      | Reached skill level 5 in Armour
  4876 | D:6      | Reached skill level 8 in Dodging
  5060 | D:6      | Reached * piety under Wu Jian
  5239 | D:6      | Identified a scroll of acquirement
  5239 | D:6      | Acquired a +5 vampiric lajatang
  5266 | D:6      | Reached XP level 9. HP: 82/82 MP: 8/8
  5642 | D:6      | HP: 9/73 [wight/+2 morningstar of draining (11)]
  5642 | D:6      | HP: 4/69 [sleepcap (3)]
  5642 | D:6      | Slain by a wight

Vanquished Creatures
  A wraith (D:6)
  2 ice beasts
  2 black bears (D:5)
  A centaur (D:4)
  2 phantoms (D:6)
  8 scorpions
  3 wights
  3 hounds (D:5)
  4 orc priests
  3 jellies
  A sleepcap (D:6)
  3 iguanas (D:6)
  4 orc wizards
  8 gnolls (D:4)
  7 adders
  2 shadow imps
  3 ufetubi (D:6)
  4 dart slugs
  17 orcs
  4 ball pythons
  6 endoplasms
  2 giant cockroaches
  9 goblins
  4 hobgoblins
  4 jackals (D:3)
  7 kobolds
  2 quokkas (D:1)
  14 bats
  A frilled lizard (D:1)
  6 rats
137 creatures vanquished.

Table legend:
 A = Non-vault XP
 B = Vault XP
 C = Vault XP percentage of total XP
 D = Non-vault monster count
 E = Vault monster count
 F = Vault count percentage of total count
                 A         B        C        D         E       F
            +---------+---------+-------+---------+---------+-------
      Total |    2925 |     113 |   3.7 |     125 |      12 |   8.8
            +---------+---------+-------+---------+---------+-------
        D:1 |      45 |       0 |   0.0 |      23 |       0 |   0.0
        D:2 |      16 |       0 |   0.0 |      11 |       0 |   0.0
        D:3 |      86 |      11 |  11.3 |      15 |       9 |  37.5
        D:4 |     640 |       0 |   0.0 |      31 |       0 |   0.0
        D:5 |    1135 |       0 |   0.0 |      24 |       0 |   0.0
        D:6 |    1003 |     102 |   9.2 |      21 |       3 |  12.5
            +---------+---------+-------+---------+---------+-------

Skill      XL: |  1  2  3  4  5  6  7  8 |
---------------+-------------------------+-----
Fighting       | 3 4 5 6 8 |  8.7
Armour         | 1 2 3 4 5 |  5.4
Dodging        | 4 5 6 8 |  8.4
Staves         | 4 5 6 |  6.7
Throwing       | |  2.0

Action                     |  1- 3 |  4- 6 |  7- 9 || total
---------------------------+-------+-------+-------++-------
  Melee: Quarterstaff      |    58 |    90 |    80 ||   228
         Headbutt          |     7 |    17 |    17 ||    41
         Lajatang          |       |       |    21 ||    21
  Throw: Dart              |    11 |     2 |       ||    13
         Throwing net      |       |     3 |       ||     3
         Boomerang         |       |    10 |    19 ||    29
         Javelin           |       |     1 |       ||     1
Ability: Lunge             |       |       |     5 ||     5
    Use: Scroll            |     6 |     7 |     9 ||    22
         Potion            |       |       |     1 ||     1
   Stab: Held in net/web   |       |     1 |       ||     1
 Armour: Leather armour    |    34 |    55 |    38 ||   127
         Chain mail        |       |       |    90 ||    90
  Dodge: Dodged            |    42 |    86 |    95 ||   223

Illustrated notes

Table legend:
 A = Kills in this place as a percentage of kills in the entire game.
 B = Kills by you in this place as a percentage of kills by you in the entire game.
 C = Kills by friends in this place as a percentage of kills by friends in the entire game.
 D = Other kills in this place as a percentage of other kills in the entire game.
 E = Experience gained in this place as a percentage of experience gained in the entire game.
 F = Experience gained in this place divided by the number of levels of this place that you have seen.
                   A       B       C       D       E      F
               +-------+-------+-------+-------+-------+----------------------
         Total | 100.0 | 100.0 |   N/A |   N/A | 100.0 | 379.8
       Dungeon | 100.0 | 100.0 |   N/A |   N/A | 100.0 | 434.0
               +-------+-------+-------+-------+-------+----------------------

Table legend: (Time is in decaauts)
 A = Elapsed time spent in this place.
 B = Non-inter-level travel time spent in this place.
 C = Inter-level travel time spent in this place.
 D = Time resting spent in this place.
 E = Time spent auto-exploring this place.
 F = Levels seen in this place.
 G = Mean time per level.
                   A        B        C        D        E       F      G
               +--------+--------+--------+--------+--------+-----+--------+
         Total |   5711 |   5581 |    130 |    578 |   4100 |   8 |  713.9 |
       Dungeon |   5700 |   5570 |    130 |    578 |   4100 |   7 |  814.3 |
        Temple |     10 |     10 |      0 |      0 |      0 |   1 |   10.0 |
               +--------+--------+--------+--------+--------+-----+--------+

Top non-repeatable levels by time:
     D:4: 1147 daAuts
     D:1: 1031 daAuts
     D:5: 1014 daAuts
     D:2: 879 daAuts
     D:6: 835 daAuts
     D:3: 780 daAuts
     D:7: 12 daAuts
  Temple: 10 daAuts
